 Dungeon Crawl Stone Soup version 0.20.1-1-g8b1a95d (webtiles) character file.

237 T0x1Ncl the Chopper (level 5, -1/47 HPs)
             Began as a Minotaur Berserker on July 5, 2017.
             Was a Follower of Trog.
             Slain by a white imp (3 damage)
             ... summoned by Natasha
             ... on level 2 of the Dungeon on July 7, 2017.
             The game lasted 00:18:35 (2970 turns).

T0x1Ncl the Chopper (Minotaur Berserker)            Turns: 2970, Time: 00:18:35

Health: -1/47      AC:  2    Str: 21    XL:     5   Next: 77%
Magic:  4/4        EV: 12    Int:  5    God:    Trog [*.....]
Gold:   107        SH:  0    Dex: 10    Spells: 4/4 levels left

rFire    . . .     SeeInvis .   B - +3 dagger
rCold    . . .     Gourm    .   (no shield)
rNeg     . . .     Faith    .   b - +0 animal skin
rPois    .         Spirit   .   (helmet restricted)
rElec    .         Reflect  .   (no cloak)
rCorr    .         Harm     .   (no gloves)
MR       .....                  (no boots)
Stlth    +.........             (no amulet)
Regen    0.2/turn               (no ring)
MPRegen  0.1/turn               (no ring)

@: no status effects
A: retaliatory headbutt, horns 2
a: Berserk, Burn Spellbooks, Renounce Religion


You were on level 2 of the Dungeon.
You worshipped Trog.
Trog was aware of your devotion.
You were not hungry.

You visited 1 branch of the dungeon, and saw 2 of its levels.

You collected 107 gold pieces.

Inventory:

Hand Weapons
 a - a +0 hand axe
 d - a +0 hunting sling
 e - a +0 dagger
 g - a +0 spear
 i - a +0 short sword
 l - a +0 short sword
 s - a +0 dagger
 w - a +0 short sword
 x - a +0 scythe
 z - a +0 club
 B - a +3 dagger (weapon)
Missiles
 f - 20 bolts
Armour
 b - a +0 animal skin (worn)
 m - a +0 scale mail
 p - a +0 robe
 u - a +0 leather armour
 v - a +0 pair of gloves
 y - a +2 robe of magic resistance
Jewellery
 c - an uncursed ring of poison resistance (quivered) {unknown}
Scrolls
 h - a scroll of noise {unknown}
 n - 3 scrolls of teleportation {unknown}
Potions
 j - 2 potions of flight {unknown}
 k - a potion of cancellation {unknown}
 o - a potion of heal wounds {unknown}
 r - a potion of curing {unknown}
 A - a potion of magic {unknown}
Comestibles
 q - 2 royal jellies
 t - 2 meat rations


   Skills:
 + Level 4.8 Fighting
 + Level 0.4 Short Blades
 + Level 5.9 Axes
 + Level 3.7 Armour
 + Level 3.0 Dodging
 + Level 0.6 Stealth


You had 4 spell levels left.
You didn't know any spells.

Dungeon Overview and Level Annotations

Branches:
Dungeon (2/15)

Altars:

Annotations:
D:2 Natasha


Innate Abilities, Weirdness & Mutations

You reflexively headbutt those who attack you in melee.
You have a pair of horns on your head.


Message History

Natasha is moderately wounded.
Natasha closely misses you. The white imp gestures at you.
The puff of frost hits you!
* * * LOW HITPOINT WARNING * * *
You hit Natasha.
Natasha is heavily wounded.
Natasha casts a spell at you. You resist with some effort.
The white imp hits you.
* * * LOW HITPOINT WARNING * * *
The white imp freezes you.
* * * LOW HITPOINT WARNING * * *
The shadow imp barely misses you. You furiously retaliate!
You headbutt the shadow imp. You hit the shadow imp.
You kill the shadow imp!
Natasha barely misses you. The white imp hits you.
* * * LOW HITPOINT WARNING * * *
The white imp freezes you.
You die...

###########......#
###
#...............#
#...............#
#...............#
#.....).....#####
#...........#
#......?....#
#......h5...#
#......@....#
#...........#
#...........#
#...........#
#############


You could see Natasha and a white imp.

Vanquished Creatures
  Sigmund (D:2)
  2 adders (D:2)
  An ooze (D:1)
  2 dart slugs (D:2)
  A leopard gecko (D:2)
  2 ball pythons
  3 giant cockroaches
  5 goblins (D:2)
  5 hobgoblins
  5 kobolds
  2 quokkas (D:2)
  5 bats
  3 frilled lizards (D:2)
  2 rats
39 creatures vanquished.

Notes
Turn   | Place    | Note
-------+----------+-------------------------------------------
     0 | D:1      | T0x1Ncl the Minotaur Berserker began the quest for the Orb.
     0 | D:1      | Reached XP level 1. HP: 19/19 MP: 0/0
   337 | D:1      | Reached skill level 4 in Axes
   341 | D:1      | Reached XP level 2. HP: 18/27 MP: 1/1
  1829 | D:2      | Reached XP level 3. HP: 30/33 MP: 2/2
  2160 | D:2      | Noticed Sigmund
  2164 | D:2      | Reached skill level 5 in Axes
  2175 | D:2      | Killed Sigmund
  2175 | D:2      | Reached XP level 4. HP: 16/41 MP: 3/3
  2175 | D:2      | Reached XP level 5. HP: 19/47 MP: 4/4
  2959 | D:2      | Noticed Natasha
  2970 | D:2      | HP: 2/47 [white imp[Natasha] (3)]
  2970 | D:2      | Slain by a white imp

Skill      XL: |  1  2  3 |
---------------+----------+-----
Axes           | 4 5 |  5.9
Fighting       | 4 |  4.8
Armour         | 3 |  3.7
Dodging        | 3 |  3.0
Short Blades   | |  0.4
Stealth        | |  0.6

Action                   |  1- 3 |  4- 6 || total
-------------------------+-------+-------++-------
Melee: Hand axe          |    25 |       ||    25
       Headbutt          |     8 |     5 ||    13
       Club              |     5 |       ||     5
       Dagger            |    34 |    20 ||    54
       Short sword       |       |     7 ||     7
  Eat: Bread ration      |     1 |       ||     1
       Meat ration       |       |     1 ||     1
Armor: Animal skin       |     2 |     1 ||     3
       Scale mail        |    20 |     2 ||    22
       Robe              |       |     3 ||     3
Dodge: Dodged            |    41 |    27 ||    68
